 Dungeon Crawl Stone Soup version 0.21.1-1-g345015f (webtiles) character file.

220 inc the Grasshopper (level 5, -6/43 HPs)
             Began as a Gnoll Warper on June 8, 2018.
             Was an Initiate of Okawaru.
             Mangled by an orc
             ... wielding a +0 war axe
              (7 damage)
             ... on level 3 of the Dungeon.
             The game lasted 00:04:26 (2058 turns).

inc the Grasshopper (Gnoll Warper)                  Turns: 2058, Time: 00:04:27

Health: -6/43      AC:  5    Str: 14    XL:     5   Next: 97%
Magic:  12/12      EV: 20    Int: 16    God:    Okawaru [......]
Gold:   85         SH:  0    Dex: 19    Spells: 14/14 levels left

rFire    . . .     SeeInvis .   a - +0 mace
rCold    . . .     Gourm    .   (no shield)
rNeg     . . .     Faith    .   b - +0 leather armour
rPois    .         Spirit   .   (no helmet)
rElec    .         Reflect  .   (no cloak)
rCorr    .         Harm     .   j - +1 pair of gloves
MR       .....                  (no boots)
Stlth    +++.......             (no amulet)
HPRegen  0.14/turn              (no ring)
MPRegen  0.13/turn              (no ring)

@: agile
A: distributed training, fangs 1, strong nose
a: Renounce Religion


You were on level 3 of the Dungeon.
You worshipped Okawaru.
Okawaru was noncommittal.
You were not hungry.

You visited 1 branch of the dungeon, and saw 3 of its levels.

You collected 85 gold pieces.

Inventory:

Hand Weapons
 a - a +0 mace (weapon)
 p - a +0 hunting sling
Missiles
 e - 5 tomahawks of dispersal (quivered)
 q - 18 stones
 r - 4 tomahawks
Armour
 b - a +0 leather armour (worn)
 j - a +1 pair of gloves (worn)
Wands
 n - a wand of polymorph (21)
Scrolls
 d - a scroll of blinking
 g - 2 scrolls of magic mapping {unknown}
 h - a scroll of enchant armour {unknown}
 i - 2 scrolls of remove curse {unknown}
 k - a scroll of immolation {unknown}
 l - a scroll of enchant weapon {unknown}
 m - a scroll of teleportation {unknown}
 t - a scroll of fear {unknown}
Potions
 o - a potion of agility
Books
 c - a book of Spatial Translocations

   Spells                             Type                      Level
   a - Blink                          Translocation                2
   b - Shroud of Golubria             Charms/Translocation         2
   c - Lesser Beckoning               Translocation                3
   d - Gell's Gravitas                Translocation                3
   e - Teleport Other                 Translocation                3
   f - Passage of Golubria            Translocation                4
Comestibles
 f - 6 rations
 s - 2 chunks of flesh


   Skills:
 + Level 4.8 Fighting
 + Level 1.6 Short Blades
 + Level 1.6 Long Blades
 + Level 1.6 Axes
 + Level 4.8 Maces & Flails
 + Level 1.6 Polearms
 + Level 1.6 Staves
 + Level 1.6 Slings
 + Level 1.6 Bows
 + Level 1.6 Crossbows
 + Level 3.1 Throwing
 + Level 3.1 Armour
 + Level 4.8 Dodging
 + Level 1.6 Stealth
 + Level 1.6 Shields
 + Level 1.6 Unarmed Combat
 + Level 5.2 Spellcasting
 + Level 1.3 Conjurations
 + Level 1.3 Hexes
 + Level 1.3 Charms
 + Level 1.3 Summonings
 + Level 1.3 Necromancy
 + Level 5.6 Translocations
 + Level 1.3 Transmutations
 + Level 1.3 Fire Magic
 + Level 1.3 Ice Magic
 + Level 1.3 Air Magic
 + Level 1.3 Earth Magic
 + Level 1.3 Poison Magic
 + Level 1.9 Invocations
 + Level 1.6 Evocations


You had 14 spell levels left.
You didn't know any spells.

Dungeon Overview and Level Annotations

Branches:
Dungeon (3/15)

Altars:
Cheibriados
Okawaru
Ru


Innate Abilities, Weirdness & Mutations

Your experience applies equally to all skills.
You have very sharp teeth.
Your uncanny sense of smell can sniff out nearby items.


Message History

You kill the orc!
Okawaru accepts your kill. The orc barely misses you.
An orc priest comes into view. It is wielding a hand axe.
Unknown command.
You hit the orc.
The orc is severely wounded.
The orc wizard gestures wildly while chanting.
The orc wizard flickers and vanishes!
Deactivating autopickup; reactivate with Ctrl-A.
The orc misses you. x2
You hit the orc but do no damage. You bite the orc, but do no damage.
The orc is severely wounded.
The orc hits you with a war axe.
* * * LOW HITPOINT WARNING * * *
The orc priest casts a cantrip, but nothing happens.
The orc closely misses you.
Unknown command.
The orc hits you with a war axe!
You die...

#### ######### ....#
#.......#
.....##.......#
......#).>....#
.....ro.@....#
...{.o#o.....# .....
#.(#.#%<# ..o..
###(.##.# ...
......#_#..##.# ....
.........≈≈≈#?##.##.....
#... ...≈≈≈≈≈....[......
#.# ...≈≈.≈≈..#.#......
#.# #..#≈≈≈≈≈......#....


You could see 3 orcs and a rat.

Vanquished Creatures
  A centaur (D:3)
  An orc wizard (D:2)
  3 adders (D:2)
  An ooze (D:2)
  2 worms (D:2)
  4 dart slugs
  2 leopard geckos (D:1)
  2 orcs (D:3)
  A giant cockroach (D:1)
  7 goblins
  7 hobgoblins
  4 jackals (D:2)
  8 bats
  4 frilled lizards
  12 kobolds
  7 rats
66 creatures vanquished.

Notes
Turn   | Place    | Note
-------+----------+-------------------------------------------
     0 | D:1      | inc the Gnoll Warper began the quest for the Orb.
     0 | D:1      | Reached XP level 1. HP: 20/20 MP: 6/6
    87 | D:1      | Reached XP level 2. HP: 16/26 MP: 7/7
   591 | D:1      | Reached XP level 3. HP: 31/31 MP: 9/9
   698 | D:1      | Reached skill level 5 in Spellcasting
   843 | D:2      | Reached skill level 1 in Invocations
   863 | D:2      | Reached skill level 1 in Short Blades
   863 | D:2      | Reached skill level 1 in Long Blades
   863 | D:2      | Reached skill level 1 in Axes
   863 | D:2      | Reached skill level 1 in Polearms
   863 | D:2      | Reached skill level 1 in Staves
   863 | D:2      | Reached skill level 1 in Slings
   863 | D:2      | Reached skill level 1 in Bows
   863 | D:2      | Reached skill level 1 in Crossbows
   863 | D:2      | Reached skill level 1 in Stealth
   863 | D:2      | Reached skill level 1 in Shields
   863 | D:2      | Reached skill level 1 in Unarmed Combat
   863 | D:2      | Reached skill level 1 in Evocations
   863 | D:2      | Reached XP level 4. HP: 3/38 MP: 11/11
  1055 | D:2      | Found an iron altar of Okawaru.
  1070 | D:2      | Became a worshipper of Warmaster Okawaru
  1610 | D:2      | Found a sacrificial altar of Ru.
  1620 | D:2      | Reached skill level 1 in Conjurations
  1620 | D:2      | Reached skill level 1 in Hexes
  1620 | D:2      | Reached skill level 1 in Charms
  1620 | D:2      | Reached skill level 1 in Summonings
  1620 | D:2      | Reached skill level 1 in Necromancy
  1620 | D:2      | Reached skill level 1 in Transmutations
  1620 | D:2      | Reached skill level 1 in Fire Magic
  1620 | D:2      | Reached skill level 1 in Ice Magic
  1620 | D:2      | Reached skill level 1 in Air Magic
  1620 | D:2      | Reached skill level 1 in Earth Magic
  1620 | D:2      | Reached skill level 1 in Poison Magic
  1620 | D:2      | Reached XP level 5. HP: 41/43 MP: 12/12
  2027 | D:3      | Found a snail-covered altar of Cheibriados.
  2039 | D:3      | Noticed a centaur
  2050 | D:3      | Killed a centaur
  2057 | D:3      | HP: 1/43 [orc/war axe (6)]
  2058 | D:3      | Mangled by an orc

Skill      XL: |  1  2  3  4  5 |
---------------+----------------+-----
Spellcasting   | 5 |  5.2
Invocations    | 1 |  1.9
Short Blades   | 1 |  1.6
Long Blades    | 1 |  1.6
Axes           | 1 |  1.6
Polearms       | 1 |  1.6
Staves         | 1 |  1.6
Slings         | 1 |  1.6
Bows           | 1 |  1.6
Crossbows      | 1 |  1.6
Stealth        | 1 |  1.6
Shields        | 1 |  1.6
Unarmed Combat | 1 |  1.6
Evocations     | 1 |  1.6
Conjurations   | 1 |  1.3
Hexes          | 1 |  1.3
Charms         | 1 |  1.3
Summonings     | 1 |  1.3
Necromancy     | 1 |  1.3
Transmutations | 1 |  1.3
Fire Magic     | 1 |  1.3
Ice Magic      | 1 |  1.3
Air Magic      | 1 |  1.3
Earth Magic    | 1 |  1.3
Poison Magic   | 1 |  1.3
Throwing       | 3 |  3.1
Armour         | 3 |  3.1
Fighting       | |  4.8
Maces & Flails | |  4.8
Dodging        | |  4.8
Translocations | |  5.6

Action                   |  1- 3 |  4- 6 || total
-------------------------+-------+-------++-------
Melee: Mace              |   105 |   125 ||   230
       Bite              |     7 |    10 ||    17
       Punch             |       |     1 ||     1
 Fire: Hunting sling     |       |     3 ||     3
  Use: Potion            |       |     3 ||     3
 Stab: Sleeping          |     2 |       ||     2
       Paralysed         |       |     2 ||     2
  Eat: Chunk             |       |     4 ||     4
Armor: Leather armour    |    29 |    48 ||    77
Dodge: Dodged            |    99 |   159 ||   258
